 Dungeon Crawl Stone Soup version 0.30.0-5-g1a98f26d00 (webtiles) character file.

Game seed: 10586920920781540043

243 choppaz the Insei (level 6, -8/42 HPs)
             Began as an Octopode Transmuter on May 12, 2023.
             Mangled by Grinder (9 damage)
             ... while paralysed by Grinder
             ... in a sewer.
             The game lasted 00:06:29 (2450 turns).

choppaz the Insei (Octopode Transmuter)             Turns: 2450, Time: 00:06:30

Health: -8/42      AC:  1    Str:  9    XL:     6   Next: 9%
Magic:  9/9        EV:  2    Int: 14    God:
Gold:   81         SH:  0    Dex: 19    Spells: 2/9 levels left

rFire   . . .        k - +9 hand axe of the Final Decision {flame, rCorr Int-4 Dex+7 SInv}
rCold   . . .        (no shield)
rNeg    . . .        (helmet restricted)
rPois   .            (no amulet)
rElec   .            (no ring)
rCorr   +            (no ring)
SInv    +            (no ring)
Will    .....        (no ring)
Stlth   +++          (no ring)
HPRegen 0.27/turn    (no ring)
MPRegen 0.11/turn    (no ring)
                     (no ring)

%: no passive effects
@: paralysed
A: almost no armour, amphibious, 8 rings, camouflage 1, gelatinous body 1,
(nimble swimmer 1), tentacles
a: no special abilities


You were in a sewer.
You visited 1 branch of the dungeon, and saw 3 of its levels.
You also visited: Sewer.

You collected 81 gold pieces.

Inventory:

Hand Weapons
 k - the +9 hand axe of the Final Decision (weapon) {flame, rCorr Int-4 Dex+7 SInv}
   (You found it on level 2 of the Dungeon)

   Int:       It affects your intelligence (-4).
   Dex:       It affects your dexterity (+7).
   SInv:      It lets you see invisible.
   rCorr:     It protects you from acid and corrosion.
Missiles
 c - 8 poisoned darts
 h - 2 atropa-tipped darts
Scrolls
 e - 3 scrolls of teleportation
 f - 3 scrolls of enchant armour
 g - 2 scrolls of immolation {unknown}
 i - 3 scrolls of poison {unknown}
 m - a scroll of silence {unknown}
 n - a scroll of butterflies {unknown}
 o - a scroll of vulnerability {unknown}
Potions
 a - a potion of lignification
 b - 4 potions of heal wounds
 d - a potion of haste {unknown}
 j - a potion of attraction {unknown}
 l - a potion of curing {unknown}
 p - 2 potions of might {unknown}


   Skills:
 * Level 3.0 Fighting
 * Level 3.4 Dodging
 * Level 4.1 Unarmed Combat
 - Level 2.0 Spellcasting
 + Level 2.8 Transmutations
 + Level 1.6 Ice Magic


You had 2 spell levels left.
You knew the following spells:

 Your Spells              Type           Power      Damage    Failure   Level
a - Beastly Appendage     Tmut           18%        N/A       8%          1
b - Ice Form              Ice/Tmut       7%         N/A       67%         4
c - Blink                 Tloc           2%         N/A       34%         2

Your spell library contained the following spells:

 Spells                   Type           Power      Damage    Failure   Level
 Wereblood                Tmut           9%         N/A       11%         2
 Lesser Beckoning         Tloc           2%         N/A       34%         2
 Momentum Strike          Conj/Tloc      2%         3d8       34%         2
 Spider Form              Tmut/Pois      5%         N/A       36%         3


Dungeon Overview and Level Annotations

Branches:
Dungeon (3/15)              Sewer (1/1)

Altars:

Annotations:
Sewer Grinder


Innate Abilities, Weirdness & Mutations

You cannot wear most types of armour.
You are amphibious.
You can wear up to eight rings at the same time.
Your skin changes colour to match your surroundings (Stealth+).
Your rubbery body absorbs attacks. (AC +1, EV +1)
((You are camouflaged when in or above water. (Stealth+)))
You have tentacles for arms and can constrict up to eight enemies at once.


Message History

There is a gate leading back out of this place here.
There is an open gate here.
You open the gate. 2 kobolds come into view.
A kobold is wielding a +0 dagger and quivering poisoned darts.
Grinder comes into view.
Found a fuming inky potion, a sling and a silvery potion.
The kobold shouts!
There is an open gate here.
Found a fizzy ruby potion.
The kobold throws a poisoned dart.
The poisoned dart misses you.
Found a gate leading back out of this place.
Grinder shouts!
The kobold shouts!
Grinder gestures at you. Pain shoots through your body!
Okay, then.
You slash the kobold! You burn the kobold.
You kill the kobold!
Grinder hits you!
You writhe in agony.
The kobold hits you with a +0 short sword.
Things that are here:
a +0 dagger; 6 poisoned darts; a kobold corpse You completely miss Grinder.
Your grab misses Grinder. You hit the kobold. You burn the kobold.
You kill the kobold!
Grinder hits you.
You feel much better. Grinder misses you.
You hit Grinder. You burn Grinder. You grab Grinder.
Grinder is lightly wounded.
You constrict Grinder. Grinder hits you.
Grinder rolls her eyes.
Grinder gestures at you.
You suddenly lose the ability to move!
You lose your grip on Grinder.
Grinder hits you!
You writhe in agony.
Grinder hits you!
* * * LOW HITPOINT WARNING * * *
Grinder hits you.
* * * LOW HITPOINT WARNING * * *
Grinder hits you!
You die...

#≈~.# #~≈.# #~≈.#
##+++###≈..#
#########.....##≈).#
##≈~≈≈~≈#...⌠..###÷###
###!......'.⌠.....#)..#≈
#∩!)..)...'..._.⌠.'...≈≈
#!..5@..'.⌠....)#)..#≈
##≈≈≈~≈≈#...⌠..###.###
#########.....##)~.#
##'''###~≈.#
#≈...≈##≈~.#
#≈...≈##≈~.#
#~...≈##≈~.#
#≈...≈##≈..+
#≈...≈######


You could see Grinder.

Vanquished Creatures
  A kobold brigand (Sewer)
  A necrophage (Sewer)
  An adder (D:3)
  A shadow imp (Sewer)
  2 ufetubi (Sewer)
  4 worms
  10 bats
  5 endoplasms
  2 giant cockroaches
  2 goblins
  8 hobgoblins
  7 jackals
  3 quokkas
  3 ball pythons
  3 frilled lizards (D:1)
  3 giant cockroach zombies (Sewer)
  15 kobolds
  5 rats
76 creatures vanquished.

Notes
Turn   | Place    | Note
-------+----------+-------------------------------------------
     0 | D:1      | choppaz the Octopode Transmuter began the quest for the
                  | Orb.
     0 | D:1      | Reached XP level 1. HP: 13/13 MP: 3/3
    60 | D:1      | Reached XP level 2. HP: 10/18 MP: 5/5
   597 | D:1      | Reached XP level 3. HP: 16/23 MP: 4/6
  1361 | D:2      | Found a faded altar of an unknown god.
  1522 | D:2      | Identified the +9 hand axe of the Final Decision {flame,
                  | rCorr Int-4 Dex+7 SInv}
  1906 | D:3      | Reached XP level 4. HP: 25/29 MP: 7/7
  1916 | D:3      | Learned a level 4 spell: Ice Form
  1919 | D:3      | Learned a level 2 spell: Blink
  2137 | D:3      | Found a glowing drain.
  2145 | D:3      | Reached skill level 1 in Ice Magic
  2150 | Sewer    | Entered a sewer
  2222 | Sewer    | Found an ancient bone altar of Kikubaaqudgha.
  2222 | Sewer    | Noticed a kobold brigand
  2243 | Sewer    | Killed a kobold brigand
  2244 | Sewer    | Reached XP level 5. HP: 14/35 MP: 8/8
  2403 | Sewer    | Reached skill level 4 in Unarmed Combat
  2403 | Sewer    | Reached XP level 6. HP: 41/41 MP: 9/9
  2439 | Sewer    | Noticed Grinder
  2446 | Sewer    | Paralysed by Grinder for 5 turns
  2449 | Sewer    | HP: 1/42 [Grinder (6)]
  2450 | Sewer    | Mangled by Grinder

Illustrated notes

Levels and vault maps discovered:
D:1:      saegor_arrival_simple_c, layout_loops_corners, minmay_tripent
D:2:      layout_loops_cross, chequers_ecumenical_altar_simple_redux,
          minmay_hedge_maze, st_stairs_8, kennysheep_generic_room_3
D:3:      layout_loops_ring, cheibrodos_sewer_entry_bend
Sewer:    kennysheep_sewer_church

Skill      XL: |  1  2  3  4  5  6 |
---------------+-------------------+-----
Fighting       | 2 3 |  3.0
Ice Magic      | 1 |  1.6
Dodging        | 3 |  3.4
Unarmed Combat | 4 |  4.1
Spellcasting   | |  2.0
Transmutations | |  2.8

Action                     |  1- 3 |  4- 6 || total
---------------------------+-------+-------++-------
  Melee: Unarmed           |   145 |       ||   145
         Constrict         |    34 |     9 ||    43
         Tentacles         |    38 |     7 ||    45
         Kick              |     7 |       ||     7
         Hand axe          |    31 |    45 ||    76
         Punch             |     3 |       ||     3
  Throw: Dart              |       |     4 ||     4
   Cast: Beastly Appendage |     8 |       ||     8
    Use: Scroll            |     4 |       ||     4
         Potion            |       |     2 ||     2
   Stab: Sleeping          |     5 |     3 ||     8
 Armour: Skin              |    16 |     8 ||    24
  Dodge: Dodged            |    67 |    22 ||    89
